 Dungeon Crawl Stone Soup version 0.30-a0-121-gb27577e5d9 (webtiles) character file.

Game seed: 9842298463673704629

17017 zxpr0jk the Frost Mage (level 12, -1/81 HPs)
             Began as a Red Draconian Ice Elementalist on Sept 15, 2022.
             Was an Elder of Ru.
             Slain by a +5 long sword (3 damage)
             ... on level 14 of the Dungeon.
             The game lasted 01:03:25 (18137 turns).

zxpr0jk the Frost Mage (DrIE)                      Turns: 18137, Time: 01:03:27

Health: -1/81      AC: 19    Str: 14    XL:     12   Next: 15%
Magic:  0/25       EV: 12    Int: 15    God:    Ru [****..]
Gold:   642        SH:  8    Dex: 14    Spells: 22/29 levels left

rFire   + . .      SeeInvis .    A - +3 flail (protect)
rCold   + . .      Faith    .    i - +2 buckler
rNeg    . . .      Spirit   +    (body armour unavailable)
rPois   .          Reflect  .    s - +1 hat
rElec   .          Harm     .    q - +0 cloak
rCorr   .          Rampage  .    (no gloves)
Will    .....                    (no boots)
Stlth   ..........               N - amulet of guardian spirit
HPRegen 0.23/turn                O - ring of wizardry
MPRegen 0.19/turn                o - ring of ice

@: ice-armoured, short of breath, flying
A: breathe fire, AC +8, unfitting armour, fire resistance 2, cold-blooded, no
stealth, inability to use devices, no poison magic, no summoning magic, no
transmutations magic, big wings
a: Breathe Fire, Renounce Religion, Draw Out Power, Power Leap


You were on level 14 of the Dungeon.
You worshipped Ru.
Ru was greatly pleased with you.
You visited 2 branches of the dungeon, and saw 15 of its levels.
You also visited: Sewer.

You collected 928 gold pieces.
You spent 286 gold pieces at shops.

Inventory:

Hand Weapons
 a - a +2 short sword of electrocution
 z - a +6 flail
 A - a +3 flail of protection (weapon)
 D - the +0 dagger of Cacaneda {vorpal, *Noise Int+3}
   (You found it on level 7 of the Dungeon)

   It inflicts extra damage upon your enemies.
   Int:       It affects your intelligence (+3).
   *Noise:    It may make noises in combat.
 G - a +4 long sword
Missiles
 h - 75 stones (quivered)
Armour
 i - a +2 buckler (worn)
 q - a +0 cloak (worn)
 s - a +1 hat (worn)
 K - a +0 hat
Magical Staves
 e - a staff of cold
 m - a staff of earth
Jewellery
 k - a ring of positive energy
 o - a ring of ice (right hand)
 p - a +6 ring of strength
 u - a ring of resist corrosion
 B - a ring of poison resistance
 H - an amulet of magic regeneration
 N - an amulet of guardian spirit (around neck)
 O - a ring of wizardry (left hand)
Wands
 f - a wand of flame (13)
 E - a wand of polymorph (2)
 L - a wand of iceblast (7)
Scrolls
 b - 5 scrolls of teleportation
 c - a scroll of poison {unknown}
 d - 14 scrolls of identify {unknown}
 j - 6 scrolls of noise {unknown}
 l - 2 scrolls of immolation {unknown}
 n - 2 scrolls of vulnerability {unknown}
 r - 5 scrolls of fear {unknown}
 t - a scroll of summoning {unknown}
 w - 3 scrolls of magic mapping {unknown}
 x - 2 scrolls of brand weapon {unknown}
 y - 2 scrolls of enchant weapon {unknown}
 C - 2 scrolls of butterflies {unknown}
 M - 2 scrolls of enchant armour {unknown}
 Q - a scroll of blinking {unknown}
Potions
 g - 2 potions of haste
 v - 2 potions of flight
 F - 2 potions of attraction
 I - a potion of berserk rage
 J - 3 potions of curing
 P - a potion of lignification {unknown}


   Skills:
 - Level 1.7 Dodging
 - Level 10.0 Shields
 + Level 9.1 Spellcasting
 * Level 11.8 Ice Magic


You had 22 spell levels left.
You knew the following spells:

 Your Spells              Type           Power      Damage    Failure   Level
a - Freeze                Ice            100%       1d11      1%          1
b - Ozocubu's Armour      Ice            59%        N/A       1%          3
c - Swiftness             Air            6%         N/A       16%         3

Your spell library contained the following spells:

 Spells                   Type           Power      Damage    Failure   Level
 Frozen Ramparts          Ice            100%       1d16      1%          3
 Hailstorm                Conj/Ice       36%        3d9       4%          4
 Shock                    Conj/Air       24%        1d4       5%          1
 Gell's Gravitas          Tloc           6%         N/A       16%         3
 Kindle Blastsparks       Fire/Tloc/Air  12%        2d11      16%         3
 Lesser Beckoning         Tloc           6%         N/A       16%         3
 Teleport Other           Tloc           6%         N/A       16%         3
 Ozocubu's Refrigeration  Ice            29%        4d14      32%         7
 Airstrike                Air            3%         2d(1-17)  43%         4
 Dispel Undead            Necr           6%         3d8       43%         4
 Fulminant Prism          Conj/Hex       3%         3d6       43%         4
 Iskenderun's Mystic Bla  Conj/Tloc      6%         2d4       43%         4
 Lee's Rapid Deconstruct  Erth           3%         3d6*      77%         5
 Death Channel            Necr           3%         N/A       99%         6
 Cigotuvi's Dreadful Rot  Necr/Pois/Air  Unusable   N/A       N/A         2

Dungeon Overview and Level Annotations

Branches:
Dungeon (14/15)            Temple (1/1) D:6           Sewer (visited)
   Lair: D:8-11         Orc: D:9-12      Vaults: D:13-14

Altars:
Ashenzari
Cheibriados
Dithmenos
Elyvilon
Fedhas
Gozag
Hepliaklqana
Kikubaaqudgha
Makhleb
Nemelex Xobeh
Ru
Sif Muna
Trog
Uskayaw
Vehumet
Wu Jian
Xom
Zin
The Shining One

Shops:
D:4 =   D:8 :

Annotations:
D:9 Erolcha


Innate Abilities, Weirdness & Mutations

You can breathe blasts of fire.
Your fiery red scales are hard. (AC +8)
You cannot fit into any form of body armour.
Your flesh is very heat resistant. (rF++)
You are cold-blooded and may be slowed by cold attacks.
You cannot be stealthy.
You cannot study or use magical devices.
You cannot study or cast Poison magic.
You cannot study or cast Summoning magic.
You cannot study or cast Transmutations magic.
Your large and strong wings let you fly.


Message History

The +5 long sword is moderately damaged.
The +5 long sword hits you. You block the +5 long sword's attack.
The +5 long sword is stunned by your conviction and fails to attack.
You miss the +5 long sword.
The +5 long sword is moderately damaged.
The +5 long sword is stunned by your conviction and fails to attack.
The +5 long sword hits you!
* * * LOW HITPOINT WARNING * * *
Casting: Ozocubu's Armour (safe; 1% risk of failure)
Confirm with . or Enter, or press ? or * to list all spells.
Aiming: Freeze (safe; 1% risk of failure)
Press: ? - help, Shift-Dir - straight line, f - +5 long sword
Aim: a +5 long sword (lightly damaged)
You feel a surge of power!
You freeze the +5 long sword.
The +5 long sword resists.
The +5 long sword is moderately damaged.
The +5 long sword barely misses you.
Casting: Freeze (safe; 1% risk of failure)
Confirm with . or Enter, or press ? or * to list all spells.
Aiming: Freeze (safe; 1% risk of failure)
Press: ? - help, Shift-Dir - straight line, f/p - +5 long sword
Aim: a +5 long sword (moderately damaged)
You feel a surge of power!
You freeze the +5 long sword.
The +5 long sword resists.
The +5 long sword is moderately damaged.
The +5 long sword hits you but does no damage. x2
Okay, then.
Aiming: Breathe Fire (2% risk of failure)
Press: ? - help, Shift-Dir - straight line, f/p - +5 long sword
Aim: a +5 long sword (moderately damaged, 43% to hit)
You breathe a blast of fire.
The fiery breath hits the +5 long sword.
The +5 long sword resists.
The +5 long sword is moderately damaged.
The +5 long sword is engulfed in blazing flames.
The +5 long sword hits you!
* * * LOW HITPOINT WARNING * * *
The +5 long sword is engulfed in blazing flames.
The +5 long sword hits you.
You die...

#................#
#......B#.##......
#.<......○.'...C..
#...######.# ..
#>.......†.+ .
########.(.#
#..'...+ #(##...#
#@##...# #.##...#
#.######
#######.#....#
#.......#....#
#............#
#............#
####.........#
#.........#


You could see a +5 long sword.

Vanquished Creatures
  2 boulder beetles
  2 centaur warriors (D:13)
  A dancing weapon (D:14)
  2 two-headed ogres
  A deep elf pyromancer (D:13)
  2 ugly things (D:13)
  2 cyclopes
  2 manticores
  A gargoyle (D:12)
  2 unseen horrors
  3 kobold demonologists (D:11)
  5 trolls
  A hornet (D:7)
  A wind drake (shapeshifter) (D:13)
  A vampire (D:9)
  A shadow (D:12)
  A wyvern (D:11)
  2 wraiths
  5 yaks
  A basilisk (D:13)
  Eustachio (D:6)
  Menkaure (D:6)
  Edmund (D:6)
  4 vampire mosquitoes (D:12)
  An acid dragon (D:9)
  A water moccasin (D:7)
  3 ice beasts
  3 orc warriors
  A meliai simulacrum (D:13)
  2 black bears
  3 sky beasts
  4 ogres
  10 centaurs
  5 kobold brigands
  2 bullfrogs
  A gnoll sergeant (D:7)
  A scorpion (D:6)
  3 wights (D:9)
  8 howler monkeys
  8 jellies
  2 gnoll boudas (D:7)
  5 orc priests
  2 hounds (D:5)
  2 iguanas
  7 orc wizards
  9 gnolls (D:7)
  10 adders
  2 river rats (Sewer)
  3 worms
  3 dart slugs
  39 orcs
  5 bats
  18 endoplasms
  7 giant cockroaches
  9 goblins
  13 hobgoblins
  5 jackals (D:2)
  22 kobolds
  5 quokkas
  13 ball pythons
  4 frilled lizards
  7 rats
293 creatures vanquished.

Vanquished Creatures (others)
  A two-headed ogre (D:11)
  A gargoyle (D:13)
  3 plants (D:7)
5 creatures vanquished.

Grand Total: 298 creatures vanquished

Notes
Turn   | Place    | Note
-------+----------+-------------------------------------------
     0 | D:1      | zxpr0jk the Draconian Ice Elementalist began the quest for
                  | the Orb.
     0 | D:1      | Reached XP level 1. HP: 14/14 MP: 3/3
   492 | D:1      | Reached XP level 2. HP: 20/20 MP: 3/5
   676 | D:1      | Found a faded altar of an unknown god.
  1217 | D:1      | Reached XP level 3. HP: 16/26 MP: 1/6
  1645 | D:2      | Reached skill level 5 in Ice Magic
  1700 | D:2      | Reached XP level 4. HP: 29/33 MP: 4/8
  2244 | D:3      | Noticed an ogre
  2256 | D:3      | Killed an ogre
  2257 | D:3      | Reached XP level 5. HP: 38/38 MP: 5/9
  2367 | D:3      | Reached skill level 6 in Ice Magic
  3239 | D:4      | Found Usethrina's Jewellery Emporium.
  3286 | D:4      | Noticed an ice beast
  3307 | D:4      | Found a glowing drain.
  3343 | Sewer    | Entered a sewer
  3425 | Sewer    | Reached XP level 6. HP: 45/45 MP: 11/11
  3529 | Sewer    | Found a viscous altar of Jiyva.
  3743 | Sewer    | Reached skill level 7 in Ice Magic
  3870 | D:4      | Killed an ice beast
  3871 | D:4      | Your scales start taking on a fiery red colour.
  3871 | D:4      | Reduced skill Ice Magic to level 6
  3871 | D:4      | Reached XP level 7. HP: 9/50 MP: 11/13
  3871 | D:4      | Gained mutation: Your flesh is heat resistant. (rF+) [Red
                  | Draconian growth]
  4600 | D:4      | Learned a level 3 spell: Ozocubu's Armour
  4836 | D:4      | Found a shimmering altar of Xom.
  4865 | D:5      | Entered Level 5 of the Dungeon
  5399 | D:5      | Reached skill level 5 in Spellcasting
  5433 | D:5      | Reached skill level 7 in Ice Magic
  5602 | D:5      | Found a bloodstained altar of Trog.
  5605 | D:5      | Identified the +6 chain mail of Sorcery {rC+ Regen+}
  5619 | D:5      | Reached XP level 8. HP: 31/57 MP: 4/15
  5625 | D:5      | HP: 2/57 [orc wizard/magic dart (2)]
  5870 | D:5      | Found a broken altar of Ashenzari.
  5902 | D:5      | Found an ornate altar of the Wu Jian Council.
  6135 | D:6      | Noticed Edmund
  6154 | D:6      | Killed Edmund
  6155 | D:6      | Reached skill level 8 in Ice Magic
  6291 | D:6      | Noticed Eustachio
  6319 | D:6      | Killed Eustachio
  6557 | D:6      | Noticed Menkaure
  6570 | D:6      | Killed Menkaure
  6800 | D:6      | Reached XP level 9. HP: 60/62 MP: 18/18
  6818 | D:6      | Found a staircase to the Ecumenical Temple.
  6863 | D:6      | Reached skill level 5 in Stealth
  6979 | Temple   | Entered the Ecumenical Temple
  7010 | Temple   | Became a worshipper of Ru the Awakened
  7485 | D:7      | HP: 2/62 [orc priest/divine providence (9)]
  7506 | D:7      | Reached skill level 1 in Shields
  8228 | D:7      | Noticed a two-headed ogre
  8251 | D:7      | Killed a two-headed ogre
  8418 | D:7      | Identified the +0 dagger of Cacaneda {vorpal, *Noise Int+3}
  8573 | D:7      | Gained mutation: Your mind is acute. (Int +4, Str/Dex -1)
                  | [potion of mutation]
  8573 | D:7      | Gained mutation: Your large and strong wings let you fly.
                  | [potion of mutation]
  8573 | D:7      | Lost mutation: Your mind is acute. (Int +4, Str/Dex -1)
                  | [potion of mutation]
  8573 | D:7      | Gained mutation: Your flesh is very heat resistant. (rF++)
                  | [potion of mutation]
  8574 | D:7      | HP: 3/62 [poisoned by a water moccasin]
  8576 | D:7      | HP: 1/62 [poisoned by a water moccasin]
  8959 | D:7      | Found a glowing silver altar of Zin.
  9147 | D:7      | HP: 3/62 [poisoned by a hornet]
  9150 | D:7      | HP: 1/62 [poisoned by a hornet]
  9547 | D:7      | Reached XP level 10. HP: 68/69 MP: 17/19
  9588 | D:7      | Gained mutation: You cannot study or cast Poison magic. [Ru
                  | sacrifice]
  9588 | D:7      | Gained mutation: You cannot study or cast Transmutations
                  | magic. [Ru sacrifice]
  9588 | D:7      | Gained mutation: You cannot study or cast Summoning magic.
                  | [Ru sacrifice]
  9588 | D:7      | Reached * piety under Ru
 10516 | D:8      | Found Deul's Book Boutique.
 10521 | D:8      | Bought a book of Air for 286 gold pieces
 10525 | D:8      | Learned a level 3 spell: Swiftness
 11540 | D:9      | Noticed Erolcha
 12037 | D:10     | Entered Level 10 of the Dungeon
 12054 | D:10     | Reached skill level 10 in Shields
 12189 | D:10     | Noticed a death yak
 12326 | D:10     | Noticed a two-headed ogre
 12579 | D:11     | Noticed a manticore
 12607 | D:11     | Killed a manticore
 12818 | D:11     | Gained mutation: You cannot be stealthy. [Ru sacrifice]
 12818 | D:11     | Reached ** piety under Ru
 13054 | D:11     | Reached skill level 9 in Ice Magic
 13189 | D:11     | Noticed a two-headed ogre
 13196 | D:11     | Killed a two-headed ogre
 13358 | D:11     | Noticed a smoke demon
 13375 | D:11     | Noticed a smoke demon
 13388 | D:11     | Reached XP level 11. HP: 50/74 MP: 14/21
 14476 | D:12     | Noticed a boulder beetle
 14501 | D:12     | Killed a boulder beetle
 14502 | D:12     | Reached skill level 10 in Ice Magic
 15579 | D:13     | Noticed a centaur warrior
 15590 | D:13     | Killed a centaur warrior
 15991 | D:13     | Noticed a two-headed ogre
 16004 | D:13     | Killed a two-headed ogre
 16172 | D:13     | Noticed a white ugly thing
 16184 | D:13     | Killed a white ugly thing
 16185 | D:13     | Reached skill level 11 in Ice Magic
 16251 | D:13     | Noticed a deep elf pyromancer
 16453 | D:13     | Noticed a centaur warrior
 16468 | D:13     | Killed a centaur warrior
 16723 | D:13     | Noticed a red ugly thing
 16735 | D:13     | Killed a red ugly thing
 17513 | D:13     | Killed a deep elf pyromancer
 17514 | D:13     | Reached XP level 12. HP: 57/81 MP: 15/24
 17752 | D:14     | Noticed a boulder beetle
 17840 | D:14     | Gained mutation: You cannot study or use magical devices.
                  | [Ru sacrifice]
 17840 | D:14     | Reached *** piety under Ru
 17840 | D:14     | Reached **** piety under Ru
 17850 | D:14     | Killed a boulder beetle
 18137 | D:14     | HP: 2/81 [+5 long sword (13)]
 18137 | D:14     | Slain by a +5 long sword

Illustrated notes

Levels and vault maps discovered:
D:1:      beargit_arrival_greenhouse, layout_loops_ring,
          nicolae_ecumenical_snake_handling, serial_bayou_pond_b,
          minmay_liquid_box, reono_crystal_passage,
          kennysheep_decorative_pillar, minmay_misc_feat_chi,
          corexii_item_surrounded_by_moat
D:2:      layout_rooms
D:3:      layout_basic
D:4:      layout_rooms, general_overflow_altar, serial_shops, shop_fountains,
          portal_sewer_entry_f
D:5:      layout_basic, old_standard_altar, mainiacjoe_overflow_two_lobes,
          supply_closet_lemuel
D:6:      layout_rooms, mainiacjoe_overflow_cross_hatched,
          minmay_temple_entry_mini_moons, minmay_misc_feat_more_columns,
          uniq_pikel, uniq_eustachio, uniq_menkaure, uniq_edmund
D:7:      kennysheep_housing_project, layout_rooms, zin_treasury,
          enter_bailey_3, minivault_5
D:8:      layout_loops_corners, serial_shops, shop_statue
D:9:      layout_small_grid, uniq_erolcha
D:10:     layout_cave_pools, kennysheep_little_box, lemuel_doored_altar,
          dpeg_lair_monsters, orc_0_dummy
D:11:     layout_layer_cave
D:12:     layout_gridville
D:13:     layout_roguey
D:14:     layout_basic, erik_vaults_1, nicolae_hepliaklqana_ecumenical_no_more
Temple:   eino_temple_lava

Skill      XL: |  1  2  3  4  5  6  7  8  9 10 11 12 |
---------------+-------------------------------------+-----
Ice Magic      | 5 6 6 7 8 9 11 | 11.8
Spellcasting   | 3 4 5 6 8 9 |  9.1
Stealth        | 4 6 0 |  0.0
Shields        | 7 10 | 10.0
Dodging        | |  1.7

Action                   |  1- 3 |  4- 6 |  7- 9 | 10-12 || total
-------------------------+-------+-------+-------+-------++-------
Melee: Unarmed           |     9 |       |       |       ||     9
       Short sword       |    58 |   117 |   155 |       ||   330
       Tailslap          |    12 |    16 |    47 |    53 ||   128
       Punch             |       |     1 |       |       ||     1
       Flail             |       |       |   147 |   285 ||   432
Throw: Stone             |     6 |    17 |     8 |     9 ||    40
 Cast: Freeze            |    33 |    84 |   107 |   125 ||   349
       Ozocubu's Armour  |       |       |    26 |    41 ||    67
Invok: Sacrifice Stealth |       |       |       |     1 ||     1
       Sacrifice Arcana  |       |       |       |     1 ||     1
       Sacrifice Artific |       |       |       |     1 ||     1
 Abil: Breathe Fire      |       |       |     7 |    31 ||    38
Evoke: Wand              |       |       |     6 |     9 ||    15
  Use: Potion            |       |       |    18 |     9 ||    27
       Scroll            |       |       |     1 |     4 ||     5
 Stab: Sleeping          |     2 |     3 |     2 |     1 ||     8
       Distracted        |       |       |     1 |       ||     1
Armor: Skin              |    30 |    45 |   202 |   278 ||   555
Dodge: Dodged            |    70 |   106 |   223 |   249 ||   648
Block: Buckler           |       |       |    89 |   217 ||   306

Table legend: (Time is in decaauts)
 A = Elapsed time spent in this place.
 B = Non-inter-level travel time spent in this place.
 C = Inter-level travel time spent in this place.
 D = Time resting spent in this place.
 E = Time spent auto-exploring this place.
 F = Levels seen in this place.
 G = Mean time per level.
                   A        B        C        D        E       F      G
               +--------+--------+--------+--------+--------+-----+--------+
         Total |  18370 |  18038 |    332 |   7021 |   6946 |  16 | 1148.1 |
       Dungeon |  17826 |  17494 |    332 |   6870 |   6842 |  14 | 1273.3 |
        Temple |     64 |     64 |      0 |      0 |     43 |   1 |   64.0 |
         Sewer |    479 |    479 |      0 |    151 |     61 |   1 |  479.0 |
               +--------+--------+--------+--------+--------+-----+--------+

Top non-repeatable levels by time:
     D:7: 2872 daAuts
    D:13: 2371 daAuts
    D:11: 2123 daAuts
     D:4: 1327 daAuts
     D:1: 1263 daAuts
     D:3: 1153 daAuts
     D:6: 1131 daAuts
     D:5: 1097 daAuts
    D:12: 1008 daAuts
     D:9: 994 daAuts
     D:8: 972 daAuts
     D:2: 830 daAuts
   Sewer: 479 daAuts
    D:14: 370 daAuts
    D:10: 309 daAuts
